 Dungeon Crawl Stone Soup version 0.28.0-43-g3370ac3207 (webtiles) character file.

Game seed: 14601154115388093730

182 styxcanada the Covert (level 5, 0/26 HPs)
             Began as a Spriggan Brigand on Mar 30, 2022.
             Slain by an orc priest
             ... wielding a +0 whip
              (1 damage)
             ... on level 3 of the Dungeon.
             The game lasted 00:09:16 (3535 turns).

styxcanada the Covert (Spriggan Brigand)            Turns: 3535, Time: 00:09:16

Health: 0/26       AC:  3    Str:  7    XL:     5   Next: 34%
Magic:  0/6        EV: 17    Int: 12    God:
Gold:   97         SH:  0    Dex: 19    Spells: 4/4 levels left

rFire   . . .      SeeInvis +   a - +2 dagger
rCold   . . .      Faith    .   (no shield)
rNeg    . . .      Spirit   +   b - +0 robe
rPois   .          Reflect  .   (helmet restricted)
rElec   .          Harm     .   c - +0 cloak
rCorr   .          Rampage  .   (gloves unavailable)
Will    .....                   (boots unavailable)
Stlth   ++++......              k - amulet of guardian spirit
HPRegen 0.08/turn               (no ring)
MPRegen 0.10/turn               (no ring)

@: very quick
A: very small, no large weapons, unfitting armour, see invisible, speed 3
a: no special abilities


You were on level 3 of the Dungeon.
You visited 1 branch of the dungeon, and saw 3 of its levels.

You collected 97 gold pieces.

Inventory:

Hand Weapons
 a - a +2 dagger (weapon)
Missiles
 f - 58 sling bullets
 i - 133 stones (quivered)
Armour
 b - a +0 robe (worn)
 c - a +0 cloak (worn)
Jewellery
 k - an amulet of guardian spirit (around neck)
Scrolls
 j - a scroll of summoning {unknown}
 l - 2 scrolls of noise {unknown}
 n - a scroll of blinking {unknown}
 o - a scroll of holy word {unknown}
 p - a scroll of fog {unknown}
Potions
 d - a potion of magic {unknown}
 g - a potion of brilliance {unknown}
 m - a potion of ambrosia {unknown}


   Skills:
 * Level 2.1 Fighting
 + Level 3.3 Short Blades
 + Level 2.3 Throwing
 * Level 2.3 Dodging
 * Level 8.4 Stealth


You had 4 spell levels left.
You didn't know any spells.
Your spell library contained the following spells:

 Spells                   Type           Power      Damage    Failure   Level
 Freezing Cloud           Conj/Ice/Air   0%         6-21      100%        5
 Simulacrum               Ice/Necr       0%         N/A       100%        6
 Polar Vortex             Ice            0%         N/A       100%        9


Dungeon Overview and Level Annotations

Branches:
Dungeon (3/15)

Altars:


Innate Abilities, Weirdness & Mutations

You are very small and have problems with some larger weapons.
You are too small for most types of armour.
You have supernaturally acute eyesight. (SInv)
You cover ground extremely quickly. (Speed+++)


Message History

Things that are here:
a +0 dagger; a goblin skeleton The orc priest shouts!
The orc shouts!
You hit the orc priest.
The orc priest is moderately wounded.
The orc priest hits you with a +0 whip.
You barely miss the orc priest. Your punch misses the orc priest.
The orc priest is moderately wounded.
The orc priest misses you.
You hit the orc priest.
The orc priest is heavily wounded.
The orc priest calls down the wrath of Beogh upon you.
Beogh smites you!
You hit the orc priest but do no damage.
The orc priest is heavily wounded.
The orc priest closely misses you.
You closely miss the orc priest.
The orc priest is heavily wounded.
The orc priest misses you.
You hit the orc priest.
The orc priest is heavily wounded.
The orc priest misses you.
The orc throws a boomerang.
The boomerang misses you.
You hit the orc priest.
The orc priest is almost dead.
The orc priest hits you with a +0 whip.
* * * LOW HITPOINT WARNING * * *
You closely miss the orc priest. Your punch misses the orc priest.
The orc priest is almost dead.
You hit the orc priest.
The orc priest is almost dead.
The orc priest hits you with a +0 whip.
* * * LOW HITPOINT WARNING * * *
The orc throws a boomerang.
The boomerang hits you.
* * * LOW HITPOINT WARNING * * *
You closely miss the orc priest.
The orc priest is almost dead.
The orc priest hits you with a +0 whip.
You die...

.................................
.o............#######.#####......
o8)....∩..∩....# #.# ######
........=......######.#
...............#.)..#.#
....∩........♣.#o##.#
..oo...........#.#.<#
.†.............#.#..#
....∩..∩.....8.#@#..#
#.............##o#..#
#..............oo#..#
#∩.....8..♣......#..#
########.##oo....#..#
#.........#..# ####.........#
#.........# ######....#


You could see an orc priest and 3 orcs.

Vanquished Creatures
  An ogre (D:3)
  6 adders
  A dart slug (D:1)
  An orc (D:3)
  5 endoplasms (D:1)
  2 giant cockroaches
  4 goblins
  6 hobgoblins
  2 jackals (D:1)
  2 kobolds
  2 quokkas (D:2)
  3 ball pythons
  5 bats
  6 frilled lizards
  3 rats
49 creatures vanquished.

Notes
Turn   | Place    | Note
-------+----------+-------------------------------------------
     0 | D:1      | styxcanada the Spriggan Brigand began the quest for the
                  | Orb.
     0 | D:1      | Reached XP level 1. HP: 10/10 MP: 2/2
    37 | D:1      | Reached skill level 6 in Stealth
   124 | D:1      | Reached XP level 2. HP: 10/14 MP: 3/3
  1269 | D:1      | Reached skill level 7 in Stealth
  1390 | D:2      | Reached XP level 3. HP: 7/18 MP: 2/4
  2327 | D:2      | Reached XP level 4. HP: 7/23 MP: 2/5
  3089 | D:3      | Found a faded altar of an unknown god.
  3176 | D:3      | Noticed an ogre
  3228 | D:3      | Killed an ogre
  3229 | D:3      | Reached skill level 8 in Stealth
  3229 | D:3      | Reached XP level 5. HP: 26/26 MP: 6/6
  3534 | D:3      | HP: 1/26 [orc/boomerang (3)]
  3535 | D:3      | Slain by an orc priest

Illustrated notes

Levels and vault maps discovered:
D:1:      dpeg_arrival_oval, layout_basic, minmay_hedge_maze, st_stairs_2
D:2:      minmay_chambers_of_twos, layout_loops_corners
D:3:      layout_basic, hellmonk_ecumenical_altar_arch_garden

Skill      XL: |  1  2  3  4 |
---------------+-------------+-----
Stealth        | 6 7 8 |  8.4
Short Blades   | 3 |  3.3
Fighting       | 2 |  2.1
Dodging        | 2 |  2.3
Throwing       | |  2.3

Action                   |  1- 3 |  4- 6 || total
-------------------------+-------+-------++-------
Melee: Dagger            |   109 |    33 ||   142
       Punch             |       |     2 ||     2
Throw: Dart              |    10 |    14 ||    24
       Stone             |       |     1 ||     1
 Stab: Sleeping          |    14 |     6 ||    20
Armor: Robe              |    12 |     6 ||    18
Dodge: Dodged            |    72 |    22 ||    94
